 Dungeon Crawl Stone Soup version 0.16-a0-3134-g9b1347a (webtiles) character file.

322 PolkaDot the Fighter (level 6, 0/61 HPs)
             Began as a Demonspawn Gladiator on Dec 14, 2014.
             Slain by an orc wizard
             ... wielding a +0 dagger
              (4 damage)
             ... on level 4 of the Dungeon.
             The game lasted 00:11:28 (3497 turns).

PolkaDot the Fighter (Demonspawn Gladiator)         Turns: 3497, Time: 00:11:28

Health: 0/61       AC:  5    Str: 15    XL:     6   Next: 22%
Magic:  0/6        EV: 13    Int: 10    God:
Gold:   77         SH:  0    Dex: 15    Spells: 0 memorised, 5 levels left

rFire  . . .     SeeInvis +       - Unarmed
rCold  . . .     Clarity  .     b - +0 leather armour
rNeg   . . .     SustAb   .     (no shield)
rPois  .         Gourm    .     o - +1 helmet
rElec  .         Spirit   +     (no cloak)
rCorr  .         Warding  .     (no gloves)
rMut   .         Stasis   .     (no boots)
MR     .....                    t - amulet of guardian spirit
Stlth  ++++......               e - ring of flight
                                f - ring of see invisible

@: not resistant to hostile enchantments, stealthy
A: nightstalker 2, powered by death 1, spit poison 1
a: Spit Poison, Evoke Flight


You were on level 4 of the Dungeon.
You were hungry.

You visited 1 branch of the dungeon, and saw 4 of its levels.

You collected 77 gold pieces.

Inventory:

Missiles
 d - 3 throwing nets (quivered)
Armour
 b - a +0 leather armour (worn)
 c - a +0 helmet
 o - a +1 helmet (worn)
Jewellery
 e - a ring of flight (right hand)
 f - a ring of see invisible (left hand)
 h - an uncursed ring of ice
 t - an amulet of guardian spirit (around neck)
Scrolls
 g - a scroll of remove curse
 m - a scroll of enchant armour
Comestibles
 a - 4 bread rations
 l - a slice of pizza
 n - 4 fruits
 s - a beef jerky


   Skills:
 - Level 10.7 Fighting
 - Level 1.7 Throwing
 + Level 3.5 Dodging
 + Level 1.3 Stealth
 * Level 4.0 Unarmed Combat


You had 5 spell levels left.
You didn't know any spells.

Dungeon Overview and Level Annotations

Branches:
Dungeon (4/15)
 Temple: D:4-7

Altars:
Ashenzari
Okawaru

Annotations:
D:3 Grinder
D:4 Edmund


Innate Abilities, Weirdness & Mutations

You are significantly more attuned to the shadows.
You can steal the life force of nearby defeated enemies.
You can spit poison.


Message History

You barely miss the orc wizard.
The orc wizard is severely wounded.
The orc wizard hits you with a dagger. x2
* * * LOW MAGIC WARNING * * *;
* * * LOW HITPOINT WARNING * * *
You hit the orc wizard.
You kill the orc wizard!
Your Unarmed Combat skill increases to level 4!
You hit the orc wizard but do no damage.
The orc wizard hits you but does no damage.
You aren't carrying any potions.
Read which item? (? for menu, Esc to quit)
Enchant which item? (? for menu, Esc to quit)
As you read the scroll of enchant armour, it crumbles to dust.
Your +0 helmet glows green for a moment.
The orc wizard points at you and mumbles some strange words.
The magic dart hits you!
* * * LOW MAGIC WARNING * * *;
* * * LOW HITPOINT WARNING * * *
The orc wizard hits you with a dagger.
* * * LOW MAGIC WARNING * * *
You die...

#Z###.# #.....# . #.#####
#.# ## #@# #.# .. #.# #.# o#
#.# #.# .# #.# #.# .#
######.#######.######o###o.#
#............[.@oo§§§o§.§o.#
#.############.######gg.o...
#.## #.# #####. #..#
##.########## ##.#
#.........[.. #.#
#.#..########
###.##########....##
<.)..........).....#
.###.############..# #.#


You could see an orc wizard and an orc.

Vanquished Creatures
  A scorpion (D:4)
  2 orc wizards
  An orc priest (D:4)
  Terence (D:2)
  Robin (D:3)
  2 adders (D:3)
  A giant gecko (D:1)
  An ooze (D:3)
  9 orcs
  3 giant cockroaches
  11 hobgoblins
  4 jackals
  7 kobolds
  A quokka (D:3)
  8 bats
  5 giant newts
  12 goblins
  10 rats
  A plant (D:3)
81 creatures vanquished.

Notes
Turn   | Place    | Note
--------------------------------------------------------------
     0 | D:1      | PolkaDot, the Demonspawn Gladiator, began the quest for the Orb.
     0 | D:1      | Reached XP level 1. HP: 16/16 MP: 1/1
   330 | D:1      | Gained mutation: You are slightly more attuned to the shadows. [demonic ancestry]
   330 | D:1      | Reached XP level 2. HP: 10/23 MP: 2/2
   504 | D:1      | Found a shattered altar of Ashenzari.
   649 | D:1      | Reached skill level 3 in Unarmed Combat
   980 | D:2      | Found an iron altar of Okawaru.
  1132 | D:2      | Reached XP level 3. HP: 26/28 MP: 3/3
  1341 | D:2      | Noticed Terence
  1354 | D:2      | Killed Terence
  1810 | D:3      | Noticed Robin
  1813 | D:3      | Gained mutation: You can spit poison. [potion of beneficial mutation]
  1814 | D:3      | Reached skill level 10 in Fighting
  1814 | D:3      | Reached XP level 4. HP: 31/49 MP: 4/4
  2015 | D:3      | Gained mutation: You can steal the life force of nearby defeated enemies. [demonic ancestry]
  2015 | D:3      | Reached XP level 5. HP: 47/54 MP: 5/5
  2200 | D:3      | Killed Robin
  2544 | D:3      | Noticed Grinder
  2554 | D:3      | Paralysed by Grinder for 6 turns
  2700 | D:4      | Noticed Edmund
  3231 | D:4      | Reached skill level 1 in Stealth
  3467 | D:4      | Gained mutation: You are significantly more attuned to the shadows. [demonic ancestry]
  3467 | D:4      | Reached XP level 6. HP: 35/61 MP: 4/6
  3497 | D:4      | Slain by an orc wizard

Action                   |  1- 3 |  4- 6 || total
-------------------------+-------+-------++-------
Melee: Unarmed           |   164 |   302 ||   466
  Use: Potion            |     5 |     5 ||    10
       Scroll            |       |    11 ||    11
 Stab: Sleeping          |     5 |     2 ||     7
  Eat: Chunk             |     3 |     5 ||     8
